 Dungeon Crawl Stone Soup version 0.24.0-37-gcf1ca852f1 (webtiles) character file.

Game seed: 2730372863744030805, levelgen mode: deterministic

982 Devinter the Spear-Bearer (level 8, 0/61 HPs)
             Began as a Merfolk Skald on Dec 8, 2019.
             Slain by a centaur zombie (7 damage)
             ... on level 6 of the Dungeon.
             The game lasted 00:38:20 (3935 turns).

Devinter the Spear-Bearer (Merfolk Skald)           Turns: 3935, Time: 00:38:20

Health: 0/61       AC:  7    Str: 11    XL:     8   Next: 17%
Magic:  10/11      EV: 15    Int: 12    God:
Gold:   42         SH:  0    Dex: 16    Spells: 6/11 levels left

rFire    + + .     SeeInvis .   t - +0 trident
rCold    x . .     Gourm    .   (no shield)
rNeg     + . .     Faith    .   M - +1 leather armour {rF+}
rPois    .         Spirit   .   A - +0 helmet
rElec    .         Reflect  .   e - +0 cloak
rCorr    .         Harm     .   (no gloves)
MR       .....                  j - +0 pair of boots
Stlth    +.........             q - amulet of regeneration
HPRegen  0.60/turn              C - ring of fire
MPRegen  0.12/turn              O - ring of positive energy

@: no status effects
A: change form in water, swift swim, stealthy swim
a: no special abilities


You were on level 6 of the Dungeon.
You were not hungry.

You visited 1 branch of the dungeon, and saw 6 of its levels.

You collected 282 gold pieces.
You spent 240 gold pieces at shops.

Inventory:

Hand Weapons
 a - a +0 spear
 h - a +2 dagger of venom
 l - a +1 whip of venom
 t - a +0 trident (weapon)
 w - a +2 dagger of draining
Missiles
 b - 2 throwing nets
 c - 29 sling bullets
 m - 17 bolts
 p - 3 boomerangs (quivered)
 u - 10 javelins
Armour
 e - a +0 cloak (worn)
 j - a +0 pair of boots (worn)
 A - a +0 helmet (worn)
 M - a +1 leather armour of fire resistance (worn)
Jewellery
 q - an amulet of regeneration (around neck)
 C - a ring of fire (left hand)
 N - an uncursed amulet of the gourmand
 O - a ring of positive energy (right hand)
Wands
 y - a wand of paralysis (8)
 F - a wand of flame (15)
Scrolls
 f - a scroll of blinking {unknown}
 i - 2 scrolls of immolation {unknown}
 k - 3 scrolls of teleportation {unknown}
 n - a scroll of fear {unknown}
 o - a scroll of enchant armour {unknown}
 r - 4 scrolls of identify
 s - 2 scrolls of amnesia
 v - 3 scrolls of remove curse {unknown}
 D - 2 scrolls of magic mapping {unknown}
 J - a scroll of enchant weapon {unknown}
 L - a scroll of acquirement {unknown}
Potions
 g - 2 potions of heal wounds {unknown}
 x - 4 potions of curing
 z - a potion of invisibility {unknown}
 B - 2 potions of haste
 E - a potion of berserk rage {unknown}
 G - a potion of agility {unknown}
 H - a potion of brilliance {unknown}
 I - a potion of mutation {unknown}
 P - a potion of degeneration {unknown}
Comestibles
 d - 7 rations


   Skills:
 + Level 4.9 Fighting
 * Level 8.9 Polearms
 - Level 3.0 Throwing
 - Level 1.0 Armour
 + Level 5.8 Dodging
 - Level 2.0 Spellcasting
 - Level 4.0 Charms


You had 6 spell levels left.
You knew the following spells:

 Your Spells              Type           Power        Failure   Level  Hunger
a - Infusion              Chrm           ##..         7%          1    ##.....
b - Song of Slaying       Chrm           ##......     11%         2    ###....
c - Shroud of Golubria    Chrm/Tloc      #.....       24%         2    ###....

Your spell library contained the following spells:

 Spells                   Type           Power        Failure   Level  Hunger
 Regeneration             Chrm/Necr      #.........   43%         3    ####...
 Spectral Weapon          Hex/Chrm       #.......     43%         3    ####...


Dungeon Overview and Level Annotations

Branches:
Dungeon (6/15)
 Temple: D:4-7

Altars:
Ashenzari
Dithmenos
Qazlal
Xom

Shops:
D:6 *


Message History

The orc wizard is almost dead.
The orc wizard closely misses you.
You hit the orc wizard.
You kill the orc wizard!
The orc closely misses you.
Things that are here:
a +0 dagger; a +0 robe You barely miss the orc.
The orc closely misses you.
You puncture the orc!
You kill the orc!
You hit the centaur zombie.
The centaur zombie is lightly damaged.
The centaur zombie hits you.
* * * LOW HITPOINT WARNING * * *
You hit the centaur zombie.
The centaur zombie is moderately damaged.
The centaur zombie hits you.
* * * LOW HITPOINT WARNING * * *
The centaur zombie hits you!
You die...

##.. . ... .## #.# >.#
##.## #.#
#####...######.#
.............#.#
####...####.#.########
##.## #........... #@#
###.######## #Z# #.#
#.# #.# ......).# #.#
#...##### #.# .. #.#
#.### #...## #.#..#


You could see a centaur zombie.

Vanquished Creatures
  An orc warrior (D:6)
  A phantom (D:5)
  An ogre (D:4)
  A bullfrog (D:6)
  A crimson imp (D:5)
  2 hounds
  An orc wizard (D:6)
  2 centaur skeletons (D:4)
  A bullfrog skeleton (D:6)
  Jessica (D:3)
  An iguana (D:4)
  Natasha (thrice) (D:3)
  4 worker ants
  Terence (D:3)
  Robin (D:3)
  7 adders
  A shadow imp (D:3)
  An ooze (D:4)
  2 worms (D:3)
  2 dart slugs
  5 leopard geckos
  4 orcs
  8 giant cockroaches
  15 goblins
  17 hobgoblins
  4 jackals (D:3)
  5 quokkas
  4 bats
  4 frilled lizards
  9 kobolds
  A quokka skeleton (D:4)
  11 rats
122 creatures vanquished.

Vanquished Creatures (others)
  5 dream sheep (D:4)
5 creatures vanquished.

Grand Total: 127 creatures vanquished

Notes
Turn   | Place    | Note
-------+----------+-------------------------------------------
     0 | D:1      | Devinter the Merfolk Skald began the quest for the Orb.
     0 | D:1      | Reached XP level 1. HP: 16/16 MP: 3/3
    60 | D:1      | Reached XP level 2. HP: 20/23 MP: 0/5
   131 | D:1      | Learned a level 2 spell: Song of Slaying
   134 | D:1      | Learned a level 2 spell: Shroud of Golubria
   164 | D:1      | Found a shattered altar of Ashenzari.
   241 | D:1      | Reached skill level 3 in Dodging
   341 | D:1      | Reached skill level 1 in Armour
   378 | D:1      | Reached XP level 3. HP: 18/28 MP: 6/6
   844 | D:1      | Reached skill level 4 in Polearms
  1083 | D:2      | Found a stormy altar of Qazlal.
  1361 | D:2      | Reached XP level 4. HP: 34/34 MP: 7/7
  1610 | D:3      | Noticed Natasha
  1616 | D:3      | Noticed Robin
  1624 | D:3      | Killed Natasha
  1624 | D:3      | Reached skill level 3 in Fighting
  1645 | D:3      | Reached skill level 5 in Polearms
  1658 | D:3      | Killed Robin
  1658 | D:3      | Reached XP level 5. HP: 5/41 MP: 6/8
  1662 | D:3      | HP: 4/41 [hobgoblin[Robin] (3)]
  1805 | D:3      | Noticed Jessica
  1822 | D:3      | Reached skill level 1 in Throwing
  1828 | D:3      | Killed Jessica
  1828 | D:3      | Reached skill level 4 in Charms
  1981 | D:3      | Noticed Natasha
  1988 | D:3      | Killed Natasha
  1994 | D:3      | Reached skill level 4 in Dodging
  2021 | D:3      | Noticed Terence
  2037 | D:3      | HP: 3/41 [Terence/+0 hand axe of venom (9)]
  2044 | D:3      | Killed Terence
  2044 | D:3      | Reached XP level 6. HP: 12/47 MP: 5/9
  2445 | D:3      | Noticed Natasha
  2453 | D:3      | Killed Natasha
  2453 | D:3      | Reached skill level 6 in Polearms
  2601 | D:4      | Reached skill level 2 in Throwing
  2680 | D:4      | Noticed a dream sheep
  2680 | D:4      | Noticed a dream sheep
  2680 | D:4      | Noticed a dream sheep
  2680 | D:4      | Noticed a dream sheep
  2680 | D:4      | Noticed a dream sheep
  2680 | D:4      | Found a shimmering altar of Xom.
  2684 | D:4      | Killed a dream sheep
  2685 | D:4      | Killed a dream sheep
  2685 | D:4      | Killed a dream sheep
  2686 | D:4      | Killed a dream sheep
  2687 | D:4      | Killed a dream sheep
  2741 | D:4      | Reached XP level 7. HP: 25/53 MP: 4/10
  2817 | D:4      | Reached skill level 4 in Fighting
  2817 | D:4      | Reached skill level 7 in Polearms
  3137 | D:4      | Reached skill level 5 in Dodging
  3202 | D:5      | Entered Level 5 of the Dungeon
  3446 | D:5      | Reached skill level 8 in Polearms
  3815 | D:6      | Found a shadowy altar of Dithmenos.
  3857 | D:6      | Found Onuopoti's General Store.
  3871 | D:6      | Bought a potion of haste for 130 gold pieces
  3871 | D:6      | Bought a potion of curing for 39 gold pieces
  3871 | D:6      | Bought a scroll of identify for 26 gold pieces
  3871 | D:6      | Bought a scroll of amnesia for 45 gold pieces
  3911 | D:6      | Reached skill level 3 in Throwing
  3911 | D:6      | Reached XP level 8. HP: 25/61 MP: 7/11
  3925 | D:6      | HP: 3/61 [orc/+0 falchion (7)]
  3935 | D:6      | Slain by a centaur zombie

Levels and vault maps discovered:
D:1:      psy_arrival_terrarium, layout_loops_ring, grunt_decor_cap,
          nicolae_ashenzari_panopticon
D:2:      layout_loops_cross, grunt_qazlal_sundering
D:3:      layout_basic, uniq_natasha, uniq_terence, uniq_robin, uniq_jessica
D:4:      layout_gridville, first_ration, kb_xom_exploding_sheep
D:5:      layout_loops_cross
D:6:      cheibrodos_fzero, layout_loops_ring,
          grunt_dithmenos_smoke_and_mirrors, gammafunk_temple_overflow_elements,
          serial_shops, shop, uniq_grinder, uniq_eustachio

Skill      XL: |  1  2  3  4  5  6  7 |
---------------+----------------------+-----
Dodging        | 3 4 5 |  5.8
Armour         | 1 |  1.0
Polearms       | 4 5 6 8 |  8.9
Fighting       | 3 4 |  4.9
Throwing       | 1 2 3 |  3.0
Charms         | 4 |  4.0
Spellcasting   | |  2.0

Action                   |  1- 3 |  4- 6 |  7- 9 || total
-------------------------+-------+-------+-------++-------
Melee: Spear             |   148 |    71 |       ||   219
       Trident           |       |   129 |   153 ||   282
Throw: Boomerang         |     3 |     9 |     4 ||    16
 Cast: Infusion          |     2 |     7 |     8 ||    17
       Song of Slaying   |       |     4 |       ||     4
       Shroud of Golubri |       |     2 |     3 ||     5
  Use: Potion            |       |     1 |     1 ||     2
       Scroll            |       |       |     1 ||     1
 Stab: Sleeping          |     2 |     2 |       ||     4
  Eat: Chunk             |     1 |     6 |     4 ||    11
Armor: Leather armour    |    18 |    41 |    19 ||    78
Dodge: Dodged            |    66 |   108 |    89 ||   263
